 Dungeon Sprint DCSS version 0.22-a0-402-ga933591 (webtiles) character file.

35806 packetloss the Severer (level 13, 0/79 HPs)
             Began as a Vine Stalker Berserker on May 7, 2018.
             Was the Champion of Trog.
             Succumbed to a reaper's poison
             ... in the Dungeon (Sprint V: "Ziggurat Sprint").
             The game lasted 00:25:42 (1096 turns).

packetloss the Severer (Vine Stalker Berserker)     Turns: 1096, Time: 00:25:42

Health: 0/79       AC: 30    Str: 30    XL:     13   Next: 86%
Magic:  1/14       EV: 10    Int: 10    God:    Trog [******]
Gold:   0          SH: 32    Dex: 15    Spells: 12/12 levels left

rFire    . . .     SeeInvis +   V - +14 obsidian axe {chop, +Fly SInv *Curse} (curse)
rCold    . . .     Gourm    .   J - +18 shield of the Gong {rElec rN+ MR+ EV-5}
rNeg     + + +     Faith    .   I - +15 Maxwell's patent armour {-Cast -Tele rElec MR+ rCorr}
rPois    .         Spirit   +   L - +0 mask of the Dragon {MR+ Slay+3 SInv}
rElec    +         Reflect  .   (no cloak)
rCorr    +         Harm     .   (no gloves)
MR       +++++     NoTele   +   b - +2 pair of boots {Fly} Stlth ..........NoCast +
                                Y - amulet of magic regeneration
HPRegen  2.03/turn              N - ring of the Oligarchy {rN++ Int+3 Slay+2}
MPRegen  0.39/turn              C - +6 ring of strength

@: lethally poisoned (0 -> -6), corroded, flying, mesmerised, regenerating
A: fangs 3, regeneration 2, magic shield, antimagic bite, no potion heal 3, rot
immunity
a: Berserk, Trog's Hand, Brothers in Arms, Renounce Religion, Stop Flying


You were in the Dungeon.
You worshipped Trog.
Trog was exalted by your worship.
You were not hungry.

You visited 1 branch

Inventory:

Hand Weapons
 F - a +5 battleaxe
   (You found it in the Dungeon)
 H - a +9 executioner's axe of electrocution
   (You found it in the Dungeon)
 K - the +6 shillelagh "Devastator" {shatter}
   (You found it in the Dungeon)
 M - the +8 lance "Wyrmbane" {slay drac, rPois rF+ rC+ AC+3}
   (You found it in the Dungeon)

   It affects your AC (+3).
   It protects you from fire.
   It protects you from cold.
   It protects you from poison.
 P - the +7 longbow "Piercer" {penet, EV-2}
   (You found it in the Dungeon)

   Ammo fired by it will pass through the targets it hits, potentially hitting
   all targets in its path until it reaches maximum range.
   It affects your evasion (-2).
 U - the +10 dark maul {crush}
   (You found it in the Dungeon)

   It inflicts extra damage upon your enemies.
 V - the cursed +14 obsidian axe (weapon) {chop, +Fly SInv *Curse}
   (You found it in the Dungeon)

   It inflicts extra damage upon your enemies.
   It lets you see invisible.
   It lets you fly.
   It curses itself when equipped.
   It has a curse placed upon it.
 W - the +11 hand axe of Exchange {vamp, +Blink rElec Int+4 Dex-4}
   (You found it in the Dungeon)

   It inflicts no extra harm, but heals its wielder when it wounds a living foe.
   It affects your intelligence (+4).
   It affects your dexterity (-4).
   It insulates you from electricity.
   It lets you blink.
 X - the +7 hand axe of Perversion {freeze, +Rage rPois rF- SInv}
   (You found it in the Dungeon)

   It has been specially enchanted to freeze those struck by it, causing extra
   injury to most foes and up to half again as much damage against particularly
   susceptible opponents.
   It can also slow down cold-blooded creatures.
   It makes you vulnerable to fire.
   It protects you from poison.
   It lets you see invisible.
   It lets you go berserk.
 Z - a +1 hand crossbow of venom
   (You found it in the Dungeon)
Missiles
 z - 28 javelins of penetration (quivered)
 Q - 1013 arrows
Armour
 b - a +2 pair of boots of flying (worn)
   (You found it in the Dungeon)
 m - a +5 plate armour
   (You found it in the Dungeon)
 G - a +2 helmet of intelligence
   (You found it in the Dungeon)
 I - the +15 Maxwell's patent armour (worn) {-Cast -Tele rElec MR+ rCorr}
   (You found it in the Dungeon)

   It insulates you from electricity.
   It affects your resistance to hostile enchantments.
   It prevents spellcasting.
   It prevents most forms of teleportation.
   It protects you from acid and corrosion.
 J - the +18 shield of the Gong (worn) {rElec rN+ MR+ EV-5}
   (You found it in the Dungeon)

   It affects your evasion (-5).
   It insulates you from electricity.
   It protects you from negative energy.
   It affects your resistance to hostile enchantments.
 L - the +0 mask of the Dragon (worn) {MR+ Slay+3 SInv}
   (You found it in the Dungeon)

   It affects your accuracy and damage with ranged weapons and melee attacks
   (+3).
   It affects your resistance to hostile enchantments.
   It lets you see invisible.
 R - +5 fire dragon scales
   (You found it in the Dungeon)
 S - +5 gold dragon scales
   (You found it in the Dungeon)
 T - +5 ice dragon scales
   (You found it in the Dungeon)
Jewellery
 B - the ring of Anarchy {+Fly Int+6 SInv}
   (You found it in the Dungeon)

   [ring of see invisible]

   It affects your intelligence (+6).
   It lets you see invisible.
   It lets you fly.
 C - a +6 ring of strength (right hand)
   (You found it in the Dungeon)
 D - a +6 ring of strength
   (You found it in the Dungeon)
 N - the ring of the Oligarchy (left hand) {rN++ Int+3 Slay+2}
   (You found it in the Dungeon)

   [ring of intelligence]

   It affects your intelligence (+3).
   It affects your accuracy and damage with ranged weapons and melee attacks
   (+2).
   It greatly protects you from negative energy.
 Y - an amulet of magic regeneration (around neck)
   (You found it in the Dungeon)
Wands
 u - a wand of disintegration (7)
   (You found it in the Dungeon)
 v - a wand of iceblast (7)
   (You found it in the Dungeon)
 w - a wand of acid (7)
   (You found it in the Dungeon)
Scrolls
 i - 4 scrolls of blinking {!r}
 p - 7 scrolls of fog
 q - a scroll of holy word {!r}
 r - 4 scrolls of identify
 s - 5 scrolls of remove curse
 t - 2 scrolls of fear
 y - 4 scrolls of enchant armour
Potions
 d - 10 potions of curing
 f - 9 potions of haste
 g - 7 potions of magic
 h - 3 potions of berserk rage {!q}
 j - 2 potions of brilliance
 k - 2 potions of invisibility
 l - 4 potions of resistance
 n - 3 potions of agility
 o - 3 potions of might
Miscellaneous
 a - 3 sacks of spiders
 e - a phial of floods
   (You found it in the Dungeon)
 x - a crystal ball of energy
   (You found it in the Dungeon)
 A - a phantom mirror
 E - a lightning rod (4/4)
   (You found it in the Dungeon)
Comestibles
 c - 8 rations
 O - 2 chunks of flesh {@w0}


   Skills:
 + Level 14.0 Fighting
 * Level 18.8 Axes
 + Level 13.0 Armour
 + Level 12.9 Dodging
 + Level 13.6 Shields


You had 12 spell levels left.
You didn't know any spells.

Dungeon Overview and Level Annotations

Branches:
Dungeon (1/1)

Altars:
Ashenzari
Cheibriados
Dithmenos
Elyvilon
Fedhas
Gozag
Hepliaklqana
Kikubaaqudgha
Makhleb
Nemelex Xobeh
Okawaru
Qazlal
Ru
Sif Muna
Trog
Uskayaw
Vehumet
Wu Jian
Xom
Yredelemnul
Zin
The Shining One
Beogh
Jiyva
Lugonu

Annotations:
D 1 transporter


Innate Abilities, Weirdness & Mutations

You have razor-sharp teeth.
You heal very quickly.
When hurt, damage is shared between your health and your magic reserves.
Your bite disrupts and absorbs the magic of your enemies.
Potions cannot restore your health.
You are immune to rotting.


Message History

PTOANNNG!
You block the reaper's attack.
BONNNG!
You block the red devil's attack.
PANG!
The reaper hits you from afar with a scythe of flaming!!
The reaper burns you. You block the ice devil's attack.
GONNNNG!
You take 15 damage, and have 57/78 hp.
You now have 11/14 mp.
Unknown command.
Your Maxwell's patent armour prevents you from hitting the rust devil.
You bite the rust devil! You drain its power.
You feel invigorated.
You slash the red devil! You hit the reaper but do no damage.
You hit the ice devil but do no damage. You hit the reaper.
You slash the iron imp!
You kill the iron imp!
Trog accepts your kill.
Visions of slaying the reaper flood into your mind.
You block the rust devil's attack.
PANG!
You block the reaper's attack.
PANG!
Your ice devil hits the reaper but does no damage.
You block the reaper's attack.
PTOANNNG!
The red devil hits you but does no damage.
MP restored: 14 Unknown command.
You slash the rust devil!
You kill the rust devil!
Trog accepts your kill. Something appears at your feet!
Trog grants you a weapon!
Your Fighting skill increases to level 14!
You slash the red devil!
You kill the red devil!
Trog accepts your kill.
You slash the reaper! You hit the ice devil but do no damage.
You hit the reaper. You block the red devil's attack.
BONNNG!
You block the ice devil's attack.
PTOANNNG!
Your ice devil barely misses the reaper.
You block the reaper's attack.
GONNNNG!
The reaper hits you from afar with a scythe of flaming!!
The reaper burns you!
You take 30 damage, and have 28/79 hp.
MASSIVE DAMAGE!!
You now have 6/14 mp.
Unknown command.
You slash the reaper! You bite the reaper, but do no damage.
You hit the skeletal warrior but do no damage.
You slash the reaper! You closely miss the ice devil.
You block the red devil's attack.
GONNNNG!
You block the reaper's attack.
PANG!
You block the red devil's attack.
BONNNG!
The reaper hits you from afar with a scythe of venom!!
* * * LOW HITPOINT WARNING * * *
The ice devil hits you but does no damage.
The skeletal warrior hits you but does no damage.
You take 14 damage, and have 14/79 hp.
You now have 3/14 mp.
Unknown command.
You slash the reaper! Your bite misses the reaper.
You slash the skeletal warrior! You slash the reaper!
You open a gate to Pandemonium!
A demon appears!
You slice the ice devil!! You open a gate to Pandemonium!
A demon appears!
You block the red devil's attack.
SHROANNG!
You block the reaper's attack.
PTOANNNG!
You block the reaper's attack.
GONNNNG!
You regained 2 hp, and now have 16/79 hp.
Unknown command.
You closely miss the reaper. You bite the reaper! You drain its power.
You feel invigorated.
You closely miss the ice devil. You slash the reaper!
You hit the skeletal warrior but do no damage.
Visions of slaying the skeletal warrior flood into your mind.
Your sixfirhy barely misses the reaper.
You block the ice devil's attack.
PANG!
The red devil hits you but does no damage.
Your ice devil hits the reaper but does no damage.
The reaper hits you with a scythe of venom!!
* * * LOW HITPOINT WARNING * * *
You are lethally poisoned!
Your sixfirhy completely misses the reaper.
The skeletal warrior hits you but does no damage.
The reaper hits you but does no damage.
You are more poisoned.
You take 14 damage, and have 2/79 hp.
You now have 0/14 mp.
You slice the reaper!!
You kill the reaper!
Trog accepts your kill.
Your Armour skill increases to level 13!
You hit the skeletal warrior. You barely miss the reaper.
You hit the ice devil.
You die...

▓▓▓▓▓▓▓▓▓▓▓▓▓▓.....
...8©8.....▓.....
=:..[}))|).▓.....
...}|[)|=)[..▓.....
.............▓..▓..
.............▓.▓▓▓.
.......4...4.▓..▓..
.......2z24..▓.....
.......23@)..▓▓▓▓▓▓
.......3))4..▓...8©
..▓.......▓..▓...=)
.............▓..|:}
.............▓.....
......©......▓..)..
▓▓▓▓▓▓▓▓▓▓▓▓▓▓.....
▓...|) ▓..▓.)


You could see 3 reapers, a skeletal warrior, an ice devil, 2 red devils, a
friendly sun demon, a friendly ice devil and a friendly sixfirhy.

Vanquished Creatures
  4 storm dragons (D)
  A balrug (D)
  2 reapers (D)
  3 merfolk javelineers (D)
  A dancing weapon (D)
  6 soul eaters (D)
  3 deep elf knights (D)
  A deep elf archer (D)
  7 wolf spiders (D)
  A deep elf mage (D)
  An orb spider (D)
  A large abomination (D)
  5 toenail golems (D)
  2 rust devils (D)
  A black mamba (D)
  A naga mage (D)
  2 hellions (D)
  A demonic crawler (D)
  2 red devils (D)
  6 merfolk (D)
  5 jumping spiders (D)
  7 hornets (D)
  A snapping turtle (D)
  4 wind drakes (D)
  2 flying skulls (D)
  An air elemental (D)
  A water elemental (D)
  4 redbacks (D)
  A wraith (D)
  2 tarantellas (D)
  2 basilisks (D)
  An insubstantial wisp (D)
  A naga (D)
  2 water moccasins (D)
  3 hell hounds (D)
  A porcupine (D)
  An orc warrior (D)
  A phantom (D)
  2 necrophages (D)
  4 small abominations (D)
  An earth elemental (D)
  6 wights (D)
  A crimson imp (D)
  A quasit (D)
  5 iron imps (D)
  3 orc priests (D)
  4 orc wizards (D)
  A river rat (D)
  An ufetubus (D)
  An adder skeleton (D)
  An orc (D)
  A bat skeleton (D)
  3 bat zombies (D)
  A jackal skeleton (D)
  2 jackal zombies (D)
129 creatures vanquished.

Vanquished Creatures (collateral kills)
  2 merfolk javelineers (D)
  A merfolk aquamancer (D)
  A soul eater (D)
  A deep elf knight (D)
  A sea snake (D)
  A wolf spider (D)
  An orb spider (D)
  A merfolk siren (D)
  An orange demon (D)
  A spiny frog (D)
  A tormentor (D)
  2 jumping spiders (D)
  A merfolk (D)
  A flying skull (D)
  An air elemental (D)
  A shadow (D)
  A redback (D)
  A hell hound (D)
  A water moccasin (D)
  A wolf (D)
  A bullfrog (D)
  An orc priest (D)
  A white imp (D)
  An orc (D)
  A spectral bat (D)
  A giant cockroach zombie (D)
  A quokka zombie (D)
  A spectral giant cockroach (D)
30 creatures vanquished.

Vanquished Creatures (others)
  An adder skeleton (D)
1 creature vanquished.

Grand Total: 160 creatures vanquished

Notes
Turn   | Place    | Note
-------+----------+-------------------------------------------
     0 | D        | Found the +6 Majin-Bo {vamp, Archmagi MP+6 Int+6}
     0 | D        | Found the +7 great mace "Firestarter" {inner flame, rF++}
     0 | D        | packetloss the Vine Stalker Berserker began the quest for the Orb.
     0 | D        | Reached XP level 1. HP: 11/11 MP: 2/2
     0 | D        | Found a deep blue altar of Sif Muna.
     0 | D        | Found a sacrificial altar of Ru.
     0 | D        | Found a bloodstained altar of Trog.
     0 | D        | Found a stormy altar of Qazlal.
     0 | D        | Found an iron altar of Okawaru.
     0 | D        | Found a sparkling altar of Nemelex Xobeh.
     0 | D        | Found a blossoming altar of Fedhas.
     2 | D        | Found a transporter.
     2 | D        | Found an ancient bone altar of Kikubaaqudgha.
     2 | D        | Found a viscous altar of Jiyva.
     2 | D        | Found a corrupted altar of Lugonu.
     2 | D        | Found a hazy altar of Hepliaklqana.
     2 | D        | Found a burning altar of Makhleb.
     2 | D        | Found an opulent altar of Gozag.
    29 | D        | Found the +9 heavy crossbow "Sniper" {velocity, Acc+∞ SInv}
    29 | D        | Found the +10 dark maul {crush}
    29 | D        | Found the +15 Maxwell's patent armour {-Cast -Tele rElec MR+ rCorr}
    29 | D        | Found the +18 shield of the Gong {rElec rN+ MR+ EV-5}
    29 | D        | Found the cursed +14 obsidian axe {chop, +Fly SInv *Curse}
    31 | D        | Found the +6 shillelagh "Devastator" {shatter}
    31 | D        | Found the +11 plutonium sword {*Contam Stlth-}
    31 | D        | Found the +8 lance "Wyrmbane" {slay drac, rPois rF+ rC+ AC+3}
    31 | D        | Found the +9 sword of Zonguldrok {reap}
    31 | D        | Found the cursed +13 scythe of Curses {drain, *Curse}
    31 | D        | Found the +0 sword of Power
    31 | D        | Found the +10 mace of Variability {chaos}
    31 | D        | Found the +7 Singing Sword
    31 | D        | Found the +7 longbow "Piercer" {penet, EV-2}
    58 | D        | Reached skill level 3 in Fighting
    58 | D        | Reached skill level 4 in Axes
    58 | D        | Reached skill level 2 in Armour
    58 | D        | Reached skill level 2 in Dodging
    58 | D        | Reached skill level 2 in Shields
    58 | D        | Reached XP level 2. HP: 17/17 MP: 3/3
   103 | D        | Entered arena 2.
   103 | D        | Noticed a toenail golem
   103 | D        | Noticed a toenail golem
   103 | D        | Found a transporter.
   107 | D        | Killed a toenail golem
   107 | D        | Reached skill level 6 in Fighting
   107 | D        | Reached skill level 8 in Axes
   107 | D        | Reached skill level 5 in Armour
   107 | D        | Reached skill level 5 in Dodging
   107 | D        | Reached skill level 5 in Shields
   107 | D        | Reached XP level 3. HP: 23/23 MP: 4/4
   107 | D        | Gained mutation: Your natural rate of healing is unusually fast. [Vine Stalker growth]
   107 | D        | Reached XP level 4. HP: 28/28 MP: 5/5
   107 | D        | Reached XP level 5. HP: 32/32 MP: 6/6
   107 | D        | Reached XP level 6. HP: 36/36 MP: 7/7
   108 | D        | Killed a toenail golem
   108 | D        | Reached skill level 9 in Axes
   108 | D        | Reached skill level 6 in Armour
   108 | D        | Reached XP level 7. HP: 41/41 MP: 8/8
   112 | D        | Got the +1 scale mail of Rirroinuus {rF+ Int-5 Dex+4 Slay+2}
   154 | D        | Entered arena 3.
   154 | D        | Noticed a toenail golem
   154 | D        | Noticed a toenail golem
   154 | D        | Noticed a toenail golem
   154 | D        | Found a transporter.
   161 | D        | Killed a toenail golem
   161 | D        | Reached ** piety under Trog
   161 | D        | Reached skill level 7 in Fighting
   161 | D        | Reached skill level 6 in Dodging
   161 | D        | Reached skill level 6 in Shields
   161 | D        | Gained mutation: You have razor-sharp teeth. [Vine Stalker growth]
   161 | D        | Reached XP level 8. HP: 46/46 MP: 9/9
   162 | D        | Killed a toenail golem
   162 | D        | Reached skill level 10 in Axes
   163 | D        | Killed a toenail golem
   163 | D        | Reached skill level 8 in Fighting
   163 | D        | Reached skill level 7 in Armour
   163 | D        | Reached skill level 7 in Dodging
   163 | D        | Reached skill level 7 in Shields
   163 | D        | Reached XP level 9. HP: 51/51 MP: 10/10
   168 | D        | Got the +7 hand axe of Perversion {freeze, +Rage rPois rF- SInv}
   206 | D        | Entered arena 4.
   206 | D        | Noticed a merfolk
   206 | D        | Noticed a merfolk
   206 | D        | Noticed a merfolk
   206 | D        | Noticed a merfolk
   206 | D        | Found a transporter.
   212 | D        | Killed a merfolk
   212 | D        | Reached *** piety under Trog
   212 | D        | Reached skill level 11 in Axes
   212 | D        | Killed a merfolk
   216 | D        | Killed a merfolk
   218 | D        | Killed a merfolk
   259 | D        | Entered arena 5.
   259 | D        | Found a transporter.
   261 | D        | Reached **** piety under Trog
   261 | D        | Reached skill level 8 in Shields
   281 | D        | Got the ring of the Oligarchy {rN++ Int+3 Slay+2}
   298 | D        | Entered arena 6.
   298 | D        | Found a transporter.
   303 | D        | Reached ***** piety under Trog
   304 | D        | Received a gift from Trog
   321 | D        | Got the +6 war axe "Ylumuofa" {antimagic, Stlth+}
   326 | D        | Entered arena 7.
   326 | D        | Noticed a naga mage
   326 | D        | Noticed a black mamba
   327 | D        | Found a transporter.
   330 | D        | Killed a black mamba
   330 | D        | Reached skill level 9 in Fighting
   330 | D        | Reached skill level 12 in Axes
   330 | D        | Reached skill level 8 in Armour
   330 | D        | Reached skill level 8 in Dodging
   331 | D        | Reached XP level 10. HP: 57/58 MP: 11/11
   331 | D        | Received a gift from Trog
   336 | D        | Killed a naga mage
   383 | D        | Entered arena 8.
   384 | D        | Found a transporter.
   389 | D        | Received a gift from Trog
   439 | D        | Entered arena 9.
   439 | D        | Noticed a spiny frog
   440 | D        | Found a transporter.
   445 | D        | Killed a spiny frog
   445 | D        | Reached skill level 9 in Shields
   445 | D        | Reached skill level 13 in Axes
   448 | D        | Reached ****** piety under Trog
   479 | D        | Entered arena 10.
   479 | D        | Noticed a large abomination
   479 | D        | Noticed an orange demon
   480 | D        | Found the +5 robe of Night {Dark MR+ SInv}
   480 | D        | Found a transporter.
   482 | D        | Received a gift from Trog
   486 | D        | Killed a large abomination
   486 | D        | Reached skill level 9 in Armour
   487 | D        | Killed an orange demon
   487 | D        | Reached skill level 10 in Fighting
   487 | D        | Reached skill level 9 in Dodging
   502 | D        | Got the ring of Anarchy {+Fly Int+6 SInv}
   536 | D        | Entered arena 11.
   536 | D        | Noticed a deep elf knight
   536 | D        | Noticed a deep elf knight
   536 | D        | Noticed a deep elf archer
   536 | D        | Noticed a deep elf mage
   536 | D        | Noticed a deep elf knight
   536 | D        | Noticed a deep elf knight
   536 | D        | Noticed a trident of piercing
   537 | D        | Found a transporter.
   541 | D        | Killed a deep elf mage
   541 | D        | Received a gift from Trog
   541 | D        | Killed a deep elf knight
   542 | D        | Killed a trident of piercing
   543 | D        | Killed a deep elf knight
   543 | D        | Received a gift from Trog
   543 | D        | Reached XP level 11. HP: 63/63 MP: 7/12
   544 | D        | Killed a deep elf knight
   544 | D        | Killed a deep elf knight
   544 | D        | Reached skill level 14 in Axes
   546 | D        | Received a gift from Trog
   547 | D        | Killed a deep elf archer
   560 | D        | Identified the +5 falchion of Aczyig {drain, rF+ rN+ Int+2 SInv} (Trog gifted it to you in the Dungeon)
   639 | D        | Entered arena 12.
   639 | D        | Noticed a storm dragon
   640 | D        | Noticed a storm dragon
   640 | D        | Noticed a storm dragon
   640 | D        | Noticed a storm dragon
   641 | D        | Found a transporter.
   643 | D        | Reached skill level 10 in Shields
   647 | D        | HP: 21/96 [wind drake/the air (6)]
   649 | D        | Killed a storm dragon
   652 | D        | Killed a storm dragon
   652 | D        | Reached skill level 11 in Fighting
   652 | D        | Reached skill level 10 in Armour
   652 | D        | Reached skill level 10 in Dodging
   655 | D        | HP: 23/97 [storm dragon/bolt of lightning (5)]
   656 | D        | Killed a storm dragon
   656 | D        | Reached skill level 15 in Axes
   659 | D        | Killed a storm dragon
   659 | D        | Received a gift from Trog
   659 | D        | Reached skill level 11 in Shields
   662 | D        | Gained mutation: You heal very quickly. [Vine Stalker growth]
   662 | D        | Reached XP level 12. HP: 26/70 MP: 13/13
   701 | D        | Got the +11 hand axe of Exchange {vamp, +Blink rElec Int+4 Dex-4}
   728 | D        | Entered arena 13.
   729 | D        | Noticed a reaper
   730 | D        | Found the +0 mask of the Dragon {MR+ Slay+3 SInv}
   732 | D        | Received a gift from Trog
   735 | D        | Found a transporter.
   742 | D        | Killed a reaper
   742 | D        | Received a gift from Trog
   746 | D        | Reached skill level 16 in Axes
   793 | D        | Entered arena 14.
   794 | D        | Noticed a soul eater
   794 | D        | Noticed a soul eater
   794 | D        | Noticed a soul eater
   795 | D        | Noticed a soul eater
   795 | D        | Noticed a soul eater
   795 | D        | Noticed a soul eater
   795 | D        | Noticed a soul eater
   796 | D        | Found the ring of Shadows {Umbra +Inv Stlth+}
   797 | D        | Found a transporter.
   803 | D        | Killed a soul eater
   803 | D        | Reached skill level 12 in Fighting
   803 | D        | Reached skill level 11 in Armour
   804 | D        | Killed a soul eater
   804 | D        | Reached skill level 11 in Dodging
   805 | D        | Killed a soul eater
   807 | D        | Killed a soul eater
   808 | D        | Killed a soul eater
   809 | D        | Killed a soul eater
   811 | D        | Killed a soul eater
   811 | D        | Reached skill level 12 in Shields
   832 | D        | Entered arena 15.
   833 | D        | Noticed a merfolk javelineer
   833 | D        | Noticed a merfolk javelineer
   834 | D        | Found the +3 robe of Folly {Archmagi, MR-- Int+5}
   834 | D        | Noticed a merfolk javelineer
   834 | D        | Noticed a merfolk javelineer
   834 | D        | Noticed a merfolk aquamancer
   834 | D        | Noticed a merfolk javelineer
   835 | D        | Found a transporter.
   843 | D        | Killed a merfolk aquamancer
   843 | D        | Received a gift from Trog
   843 | D        | Killed a merfolk javelineer
   844 | D        | Killed a merfolk javelineer
   844 | D        | Reached skill level 17 in Axes
   847 | D        | Killed a merfolk javelineer
   847 | D        | Killed a merfolk javelineer
   848 | D        | Killed a merfolk javelineer
   848 | D        | Reached XP level 13. HP: 51/76 MP: 14/14
   849 | D        | Received a gift from Trog
   852 | D        | Reached skill level 13 in Fighting
   919 | D        | Entered arena 16.
   922 | D        | Found a transporter.
   926 | D        | Reached skill level 12 in Armour
   927 | D        | Reached skill level 12 in Dodging
   927 | D        | Received a gift from Trog
   933 | D        | Received a gift from Trog
   953 | D        | Entered arena 17.
   957 | D        | Noticed a balrug
   958 | D        | Found a transporter.
   958 | D        | HP: 17/77 [hellion/damnation (25)]
   962 | D        | HP: 2/77 [hellion/damnation (21)]
   964 | D        | Received a gift from Trog
   968 | D        | Killed a balrug
   968 | D        | Reached skill level 18 in Axes
   968 | D        | Reached skill level 13 in Shields
  1006 | D        | Entered arena 18.
  1011 | D        | Received a gift from Trog
  1016 | D        | Received a gift from Trog
  1021 | D        | Received a gift from Trog
  1024 | D        | Found a transporter.
  1075 | D        | Entered arena 19.
  1079 | D        | Noticed a reaper
  1079 | D        | Noticed a reaper
  1079 | D        | Noticed a reaper
  1083 | D        | Noticed a reaper
  1086 | D        | Received a gift from Trog
  1088 | D        | Found a transporter.
  1092 | D        | Received a gift from Trog
  1092 | D        | Reached skill level 14 in Fighting
  1093 | D        | HP: 14/79 [reaper/scythe of venom (15)]
  1095 | D        | HP: 2/79 [reaper/scythe of venom (15)]
  1096 | D        | Killed a reaper
  1096 | D        | Reached skill level 13 in Armour
  1096 | D        | Succumbed to a reaper's poison

Vault maps used:
D:        sprint_v

Skill      XL: |  1  2  3  4  5  6  7  8  9 10 11 12 13 |
---------------+----------------------------------------+-----
Fighting       | 3 6 7 8 9 10 11 12 14 | 14.0
Axes           | 4 8 9 10 12 13 15 17 18 | 18.8
Armour         | 2 5 6 7 8 9 10 11 13 | 13.0
Dodging        | 2 5 6 7 8 9 10 11 12 | 12.9
Shields        | 2 5 6 7 8 9 11 12 13 | 13.6

Action                   |  1- 3 |  4- 6 |  7- 9 | 10-12 | 13-15 || total
-------------------------+-------+-------+-------+-------+-------++-------
Melee: Broad axe         |     3 |     1 |    26 |    86 |    58 ||   174
       Bite              |       |     1 |    13 |    36 |    19 ||    69
Invok: Berserk           |     1 |       |     3 |     3 |       ||     7
       Trog's Hand       |       |       |       |     7 |     4 ||    11
  Use: Potion            |     2 |       |     2 |       |     1 ||     5
       Scroll            |       |       |       |     6 |     1 ||     7
 Stab: Distracted        |       |       |       |     3 |     1 ||     4
  Eat: Ration            |       |       |     1 |       |       ||     1
       Chunk             |       |       |       |     5 |     2 ||     7
Armor: Plate armour      |       |       |     6 |    33 |    24 ||    63
Dodge: Dodged            |       |       |     3 |    18 |    18 ||    39
Block: Shield            |     4 |     1 |    49 |   147 |   106 ||   307

Table legend:
 A = Spawn XP
 B = Non-spawn XP
 C = Spawn XP percentage of total XP
 D = Spawn monster count
 E = Non-spawn monster count
 F = Spawn count percentage of total count
 G = Total turns spent on level
                    A         B        C        D         E        F      G
               +---------+---------+-------+---------+---------+-------+---------
         Total |       0 |   51142 |   0.0 |       0 |     160 |   0.0 |  1096
               +---------+---------+-------+---------+---------+-------+---------
             D |       0 |   51142 |   0.0 |       0 |     160 |   0.0 |  1096
               +---------+---------+-------+---------+---------+-------+---------

Vault maps used:
D:        sprint_v

Table legend:
 A = Turns spent in this place as a percentage of turns spent in the entire game.
 B = Non-inter-level travel turns spent in this place as a percentage of non-inter-level travel turns spent in the entire game.
 C = Inter-level travel turns spent in this place as a percentage of turns spent in this place.
 D = Turns resting spent in this place as a percentage of non-inter-level travel turns spent in this place.
 E = Turns spent auto-exploring this place as a percentage of non-inter-level travel turns spent in this place.
 F = Non-inter-level travel turns spent in this place divided by the number of levels of this place that you've seen.
                   A       B       C       D       E      F
               +-------+-------+-------+-------+-------+----------------------
         Total | 100.0 | 100.0 |   0.0 |  13.4 |   0.0 | 1096.0
       Dungeon | 100.0 | 100.0 |   0.0 |  13.4 |   0.0 | 1096.0
               +-------+-------+-------+-------+-------+----------------------

Table legend:
 A = Kills in this place as a percentage of kills in entire the game.
 B = Kills by you in this place as a percentage of kills by you in the entire game.
 C = Kills by friends in this place as a percentage of kills by friends in the entire game.
 D = Other kills in this place as a percentage of other kills in the entire game.
 E = Experience gained in this place as a percentage of experience gained in the entire game.
 F = Experience gained in this place divided by the number of levels of this place that you have seen.
                   A       B       C       D       E      F
               +-------+-------+-------+-------+-------+----------------------
         Total | 100.0 | 100.0 | 100.0 | 100.0 | 100.0 | 51142.0
       Dungeon | 100.0 | 100.0 | 100.0 | 100.0 | 100.0 | 51142.0
               +-------+-------+-------+-------+-------+----------------------
